 Dungeon Crawl Stone Soup version 0.31-a0-236-g9a0961fb85 (webtiles) character file.

Game seed: 14627728824439052099

308 qw the Shooter (level 6, 0/51 HPs)
             Began as a Minotaur Hexslinger on July 9, 2023.
             Slain by an orc
             ... wielding a +0 dagger
              (3 damage)
             ... on level 3 of the Dungeon.
             The game lasted 00:00:47 (2335 turns).

qw the Shooter (Minotaur Hexslinger)                Turns: 2335, Time: 00:00:48

Health: 0/51       AC:  4    Str: 12    XL:     6   Next: 16%
Magic:  6/6        EV: 12    Int: 10    God:
Gold:   118        SH:  0    Dex: 15    Spells: 6/7 levels left

rFire   . . .        Y - +2 sling
rCold   . . .        (no shield)
rNeg    . . .        e - +0 leather armour
rPois   .            (helmet restricted)
rElec   .            (no cloak)
rCorr   .            (no gloves)
SInv    .            j - +0 pair of boots
Will    .....        (no amulet)
Stlth   +            (no ring)
HPRegen 0.28/turn    (no ring)
MPRegen 0.10/turn

%: no passive effects
@: lethally poisoned (0 -> -4)
A: horns 2, retaliatory headbutt
a: no special abilities


You were on level 3 of the Dungeon.
You visited 1 branch of the dungeon, and saw 3 of its levels.

You collected 118 gold pieces.


Innate Abilities, Weirdness & Mutations

You have a pair of horns on your head.
You reflexively headbutt those who attack you in melee.


   Skills:
 + Level 3.2 Fighting
 - Level 6.4 Ranged Weapons
 - Level 1.4 Armour
 - Level 2.1 Dodging
 - Level 1.0 Spellcasting
 - Level 2.0 Hexes


You had 6 spell levels left.
You knew the following spells:

 Your Spells              Type           Power      Damage    Failure   Level
a - Slow                  Hex            16%        N/A       19%         1

Your spell library contained the following spells:

 Spells                   Type           Power      Damage    Failure   Level
 Inner Flame              Hex/Fire       2%         N/A       65%         3
 Portal Projectile        Hex/Tloc       4%         N/A       65%         3
 Cause Fear               Hex            2%         N/A       88%         4

Inventory:

Hand Weapons
 Y - a +2 sling (weapon)
Armour
 e - a +0 leather armour (worn)
 j - a +0 pair of boots (worn)
 l - a +0 ring mail
Jewellery
 m - an amulet of the acrobat
Scrolls
 k - 2 scrolls of identify
 n - a scroll of summoning {unknown}
Potions
 a - a potion of attraction {unknown}
 b - a potion of experience {unknown}
 c - a potion of enlightenment {unknown}
 d - a potion of brilliance {unknown}
 f - a potion of might {unknown}
 g - a potion of haste {unknown}
 h - a potion of degeneration {unknown}
 i - 2 potions of curing {unknown}

Dungeon Overview and Level Annotations

Branches:
Dungeon (3/15)

Altars:


Message History

You shoot a sling bullet. The sling bullet hits the orc wizard.
You kill the orc wizard!
You feel sick. The adder bites you.
You are more poisoned.
The adder poisons you! The adder barely misses you.
Your Armour skill increases to level 1!
You shoot a sling bullet. The sling bullet hits the adder.
The adder is moderately wounded.
You feel very sick. The adder bites you but does no damage.
You shoot a sling bullet. The sling bullet hits the adder.
The adder is almost dead.
You feel sick. The adder bites you.
You are more poisoned.
The adder poisons you! The orc completely misses you.
The adder bites you but does no damage. The orc barely misses you.
You furiously retaliate!
You headbutt the orc. You shoot a sling bullet.
The sling bullet closely misses the adder.
You feel very sick. The adder bites you.
You are lethally poisoned!
The adder poisons you! The orc misses you.
You shoot a sling bullet.
The sling bullet hits the adder but does no damage.
The adder is almost dead.
You feel very sick. The adder barely misses you. The orc closely misses you.
The adder bites you but does no damage.
You shoot a sling bullet. The sling bullet hits the adder!
You kill the adder!
You feel very sick. The orc hits you but does no damage.
You shoot a sling bullet.
The sling bullet closely misses the orc.
You feel sick. The orc closely misses you.
You shoot a sling bullet.
The sling bullet completely misses the orc.
You feel sick. The orc hits you with a +0 dagger.
You die...

... ## #..# ### #
.###..$######.###
...... #.....#)..
###'...#
######.###
##.%##### #.# #
##...##### #.#
#..##@o..# #.#
##.##.%.....# #.#
#..#...###...#
#.# #.##..## ..#
#.# #.#... . #.#
#.#..# #####.###
#.#.. #........
#.#.. #.###....
#.# ##..###.#.


You could see an orc.

Vanquished Creatures
  Sigmund (D:2)
  An orc wizard (D:3)
  6 adders
  A worm (D:2)
  A dart slug (D:3)
  2 orcs (D:3)
  5 bats
  5 endoplasms
  2 giant cockroaches
  3 hobgoblins
  3 jackals (D:2)
  4 kobolds
  4 quokkas (D:1)
  3 ball pythons
  5 goblins
  7 rats
53 creatures vanquished.

Notes
Turn   | Place    | Note
-------+----------+-------------------------------------------
     0 | D:1      | qw the Minotaur Hexslinger began the quest for the Orb.
     0 | D:1      | Reached XP level 1. HP: 16/16 MP: 1/1
     0 | D:1      | 0 ||| qw: Version: 0.3-a-51-g015441d
     0 | D:1      | 0 ||| qw: Game counter: 4391
     0 | D:1      | 0 ||| qw: Melee chars always use a shield: true
     0 | D:1      | 0 ||| qw: God list: Okawaru
     0 | D:1      | 0 ||| qw: Allow faded altars: false
     0 | D:1      | 0 ||| qw: Do Orc after clearing Dungeon:15 true
     0 | D:1      | 0 ||| qw: Do second Lair branch before Depths: true
     0 | D:1      | 0 ||| qw: Lair rune preference: random
     0 | D:1      | 0 ||| qw: Goals: Normal
     0 | D:1      | 0 ||| PLANNING D:1-11
   206 | D:1      | Reached skill level 3 in Ranged Weapons
   261 | D:1      | Reached XP level 2. HP: 23/23 MP: 2/2
   693 | D:1      | 693 ||| UPGRADING to +0 pair of boots.
   698 | D:1      | 698 ||| READING scroll labelled BUENTE KAFOQ.
   699 | D:1      | 699 ||| READING scroll labelled XANLA VUEMM.
   700 | D:1      | 700 ||| READING scroll labelled ANTEANGALIU.
   701 | D:1      | 701 ||| READING scroll labelled FIEKY WEUCIUW.
   702 | D:1      | 702 ||| DROPPING scroll of poison.
  1003 | D:2      | You fall into a shaft and drop 1 floor!
  1038 | D:3      | Reached XP level 3. HP: 29/29 MP: 3/3
  1053 | D:3      | 1053 ||| STAIRDANCE
  1097 | D:2      | Reached skill level 4 in Ranged Weapons
  1293 | D:2      | Noticed Sigmund
  1313 | D:2      | HP: 6/29 [Sigmund/+0 scythe (10)]
  1314 | D:2      | 1314 ||| DRINKING potion of heal wounds.
  1324 | D:2      | Killed Sigmund
  1325 | D:2      | Reached skill level 6 in Ranged Weapons
  1325 | D:2      | Reached XP level 4. HP: 27/36 MP: 4/4
  1325 | D:2      | Reached XP level 5. HP: 31/41 MP: 5/5
  1695 | D:2      | 1695 ||| UPGRADING to +0 leather armour.
  1705 | D:2      | 1705 ||| DROPPING +0 robe.
  1886 | D:3      | Reached skill level 3 in Fighting
  1886 | D:3      | Reached XP level 6. HP: 40/51 MP: 6/6
  2329 | D:3      | Reached skill level 1 in Armour
  2331 | D:3      | HP: 12/51 [adder (2)]
  2334 | D:3      | HP: 5/51 [poisoned by an adder]
  2335 | D:3      | Slain by an orc

Levels and vault maps discovered:
D:1:      spicycebolla_arrival_clurvy, layout_loops_ring
D:2:      layout_basic, uniq_sigmund
D:3:      layout_loops_ring, mainiacjoe_overflow_two_lobes

Skill      XL: |  1  2  3  4  5  6 |
---------------+-------------------+-----
Ranged Weapons | 3 6 |  6.4
Fighting       | 2 3 |  3.2
Armour         | 1 |  1.4
Dodging        | |  2.1
Spellcasting   | |  1.0
Hexes          | |  2.0

Action                     |  1- 3 |  4- 6 || total
---------------------------+-------+-------++-------
   Fire: Sling             |    87 |    89 ||   176
    Use: Scroll            |     4 |       ||     4
         Potion            |     1 |       ||     1
 Armour: Robe              |     4 |     4 ||     8
         Leather armour    |       |     7 ||     7
  Dodge: Dodged            |    27 |    32 ||    59

Table legend:
 A = Non-vault XP
 B = Vault XP
 C = Vault XP percentage of total XP
 D = Non-vault monster count
 E = Vault monster count
 F = Vault count percentage of total count
                 A         B        C        D         E       F
            +---------+---------+-------+---------+---------+-------
      Total |     197 |     243 |  55.2 |      52 |       1 |   1.9
            +---------+---------+-------+---------+---------+-------
        D:1 |      19 |       0 |   0.0 |      11 |       0 |   0.0
        D:2 |      56 |     243 |  81.3 |      19 |       1 |   5.0
        D:3 |     122 |       0 |   0.0 |      22 |       0 |   0.0
            +---------+---------+-------+---------+---------+-------
